 Dungeon Crawl Stone Soup version 0.21.1-1-g345015fe64 (webtiles) character file.

426 Nattfarinn the Charmwright (level 6, -2/51 HPs)
             Began as a Gnoll Skald on May 7, 2018.
             Was an Initiate of Cheibriados.
             Slain by an ice beast (7 damage)
             ... on level 5 of the Dungeon.
             The game lasted 00:12:18 (4166 turns).

Nattfarinn the Charmwright (Gnoll Skald)            Turns: 4166, Time: 00:12:19

Health: -2/51      AC:  3    Str: 15    XL:     6   Next: 97%
Magic:  14/14      EV: 15    Int: 17    God:    Cheibriados [......]
Gold:   264        SH:  0    Dex: 16    Spells: 14/15 levels left

rFire    . . .     SeeInvis .   i - +0 trident (venom)
rCold    . . .     Gourm    .   (no shield)
rNeg     . . .     Faith    .   b - +0 leather armour
rPois    .         Spirit   .   (no helmet)
rElec    .         Reflect  .   (no cloak)
rCorr    .         Harm     .   (no gloves)
MR       .....                  (no boots)
Stlth    ++........             q - amulet of regeneration
HPRegen  0.57/turn              (no ring)
MPRegen  0.14/turn              (no ring)

@: very slow
A: distributed training, fangs 1, strong nose
a: Bend Time, Renounce Religion


You were on level 5 of the Dungeon.
You worshipped Cheibriados.
Cheibriados was noncommittal.
You were hungry.

You visited 2 branches of the dungeon, and saw 6 of its levels.

You collected 264 gold pieces.

Inventory:

Hand Weapons
 a - a +0 hand axe
 i - a +0 trident of venom (weapon)
Missiles
 l - 30 poisoned needles
 p - 3 javelins (quivered)
Armour
 b - a +0 leather armour (worn)
Jewellery
 q - an amulet of regeneration (around neck)
Scrolls
 e - 4 scrolls of remove curse
 f - 3 scrolls of teleportation
 g - a scroll of identify
 h - 3 scrolls of enchant armour
 j - a scroll of fear
 m - a scroll of fog
 n - 3 scrolls of blinking
Potions
 k - a potion of flight
 r - a potion of brilliance
 s - 2 potions of lignification
 u - a potion of invisibility
 v - a potion of might
Books
 c - a book of Battle

   Spells                             Type                      Level
   a - Infusion                       Charms                       1
   b - Shroud of Golubria             Charms/Translocation         2
   c - Song of Slaying                Charms                       2
   d - Spectral Weapon                Hexes/Charms                 3
   e - Regeneration                   Charms/Necromancy            3
Comestibles
 d - 7 rations


   Skills:
 + Level 5.0 Fighting
 + Level 2.1 Short Blades
 + Level 2.1 Long Blades
 + Level 5.0 Axes
 + Level 2.1 Maces & Flails
 + Level 2.1 Polearms
 + Level 2.1 Staves
 + Level 2.1 Slings
 + Level 2.1 Bows
 + Level 2.1 Crossbows
 + Level 2.1 Throwing
 + Level 3.3 Armour
 + Level 5.0 Dodging
 + Level 2.1 Stealth
 + Level 2.1 Shields
 + Level 2.1 Unarmed Combat
 + Level 5.4 Spellcasting
 + Level 1.7 Conjurations
 + Level 1.7 Hexes
 + Level 5.7 Charms
 + Level 1.7 Summonings
 + Level 1.7 Necromancy
 + Level 1.7 Translocations
 + Level 1.7 Transmutations
 + Level 1.7 Fire Magic
 + Level 1.7 Ice Magic
 + Level 1.7 Air Magic
 + Level 1.7 Earth Magic
 + Level 1.7 Poison Magic
 + Level 2.3 Invocations
 + Level 2.1 Evocations


You had 14 spell levels left.
You knew the following spells:

 Your Spells              Type           Power        Failure   Level  Hunger
a - Infusion              Chrm           ###.         1%          1    None


Dungeon Overview and Level Annotations

Branches:
Dungeon (5/15)             Temple (1/1) D:5

Altars:
Ashenzari
Cheibriados
Dithmenos
Fedhas
Hepliaklqana
Makhleb
Nemelex Xobeh
Ru
Sif Muna
Trog
Vehumet
Wu Jian
Xom
The Shining One


Innate Abilities, Weirdness & Mutations

Your experience applies equally to all skills.
You have very sharp teeth.
Your uncanny sense of smell can sniff out nearby items.


Message History

You hit the ice beast.
The ice beast is poisoned.
You bite the ice beast, but do no damage.
The ice beast is moderately wounded.
The ice beast closely misses you.
You hit the ice beast.
The ice beast is severely wounded.
The ice beast closely misses you.
Okay, then.
You closely miss the ice beast.
The ice beast is severely wounded.
The ice beast hits you.
* * * LOW HITPOINT WARNING * * *
The ice beast freezes you!
* * * LOW HITPOINT WARNING * * *
You barely miss the ice beast.
The ice beast is almost dead.
The ice beast hits you.
* * * LOW HITPOINT WARNING * * *
The ice beast freezes you!
You die...

.. .# ##.# ..##..
########.....##
#.......# ....#
#.......###...##
#....(.........#####
#.........>.........
#......@Y.b.....##
####.#####.#/##...#
#..#..# ...
#.###....... .(
##..#.. .#. .....
a.## .##. .. . ..


You could see an ice beast.

Vanquished Creatures
  A big kobold (D:4)
  A crimson imp (D:4)
  An orc wizard (D:4)
  An orc priest (D:4)
  2 hounds (D:4)
  A worker ant zombie (D:4)
  3 gnolls (D:2)
  5 adders
  2 oozes
  2 worms
  2 dart slugs
  2 leopard geckos
  7 orcs
  6 giant cockroaches
  7 hobgoblins
  12 jackals
  14 kobolds
  A quokka (D:2)
  A ball python (D:1)
  9 bats
  2 frilled lizards
  4 goblins
  12 rats
98 creatures vanquished.

Vanquished Creatures (others)
  A quokka (D:2)
1 creature vanquished.

Grand Total: 99 creatures vanquished

Notes
Turn   | Place    | Note
-------+----------+-------------------------------------------
     0 | D:1      | Nattfarinn the Gnoll Skald began the quest for the Orb.
     0 | D:1      | Reached XP level 1. HP: 20/20 MP: 6/6
    92 | D:1      | Reached XP level 2. HP: 12/26 MP: 7/7
   663 | D:1      | Reached XP level 3. HP: 31/31 MP: 9/9
   728 | D:1      | Reached skill level 5 in Spellcasting
   993 | D:2      | Reached skill level 1 in Invocations
  1055 | D:2      | Reached skill level 1 in Short Blades
  1055 | D:2      | Reached skill level 1 in Long Blades
  1055 | D:2      | Reached skill level 1 in Maces & Flails
  1055 | D:2      | Reached skill level 1 in Polearms
  1055 | D:2      | Reached skill level 1 in Staves
  1055 | D:2      | Reached skill level 1 in Slings
  1055 | D:2      | Reached skill level 1 in Bows
  1055 | D:2      | Reached skill level 1 in Crossbows
  1055 | D:2      | Reached skill level 1 in Throwing
  1055 | D:2      | Reached skill level 1 in Stealth
  1055 | D:2      | Reached skill level 1 in Shields
  1055 | D:2      | Reached skill level 1 in Unarmed Combat
  1055 | D:2      | Reached skill level 1 in Evocations
  1248 | D:2      | Reached XP level 4. HP: 13/38 MP: 11/11
  1613 | D:2      | Reached skill level 1 in Conjurations
  1613 | D:2      | Reached skill level 1 in Hexes
  1613 | D:2      | Reached skill level 1 in Summonings
  1613 | D:2      | Reached skill level 1 in Necromancy
  1613 | D:2      | Reached skill level 1 in Translocations
  1613 | D:2      | Reached skill level 1 in Transmutations
  1613 | D:2      | Reached skill level 1 in Fire Magic
  1613 | D:2      | Reached skill level 1 in Ice Magic
  1613 | D:2      | Reached skill level 1 in Air Magic
  1613 | D:2      | Reached skill level 1 in Earth Magic
  1613 | D:2      | Reached skill level 1 in Poison Magic
  1907 | D:2      | Found a radiant altar of Vehumet.
  1922 | D:2      | Reached XP level 5. HP: 38/43 MP: 12/12
  2184 | D:2      | Found a burning altar of Makhleb.
  2186 | D:2      | Noticed a balrug
  2778 | D:3      | Found a bloodstained altar of Trog.
  3285 | D:4      | HP: 2/43 [orc/hand axe (5)]
  3286 | D:4      | Reached XP level 6. HP: 4/50 MP: 13/13
  3605 | D:4      | Reached skill level 5 in Fighting
  3605 | D:4      | Reached skill level 5 in Axes
  3605 | D:4      | Reached skill level 5 in Dodging
  3744 | D:4      | Found a shattered altar of Ashenzari.
  4066 | D:5      | Entered Level 5 of the Dungeon
  4066 | D:5      | Found a staircase to the Ecumenical Temple.
  4073 | Temple   | Entered the Ecumenical Temple
  4128 | Temple   | Became a worshipper of Cheibriados the Contemplative
  4145 | D:5      | Noticed an ice beast
  4166 | D:5      | Slain by an ice beast

Skill      XL: |  1  2  3  4  5  6 |
---------------+-------------------+-----
Spellcasting   | 5 |  5.4
Invocations    | 1 2 |  2.3
Short Blades   | 1 2 |  2.1
Long Blades    | 1 2 |  2.1
Maces & Flails | 1 2 |  2.1
Polearms       | 1 2 |  2.1
Staves         | 1 2 |  2.1
Slings         | 1 2 |  2.1
Bows           | 1 2 |  2.1
Crossbows      | 1 2 |  2.1
Throwing       | 1 2 |  2.1
Stealth        | 1 2 |  2.1
Shields        | 1 2 |  2.1
Unarmed Combat | 1 2 |  2.1
Evocations     | 1 2 |  2.1
Conjurations   | 1 |  1.7
Hexes          | 1 |  1.7
Summonings     | 1 |  1.7
Necromancy     | 1 |  1.7
Translocations | 1 |  1.7
Transmutations | 1 |  1.7
Fire Magic     | 1 |  1.7
Ice Magic      | 1 |  1.7
Air Magic      | 1 |  1.7
Earth Magic    | 1 |  1.7
Poison Magic   | 1 |  1.7
Armour         | 3 |  3.3
Fighting       | 5 |  5.0
Axes           | 5 |  5.0
Dodging        | 5 |  5.0
Charms         | |  5.7

Action                   |  1- 3 |  4- 6 || total
-------------------------+-------+-------++-------
Melee: Hand axe          |   145 |   112 ||   257
       Bite              |    17 |    17 ||    34
       Trident           |       |   104 ||   104
       Punch             |       |     1 ||     1
 Cast: Infusion          |     1 |     2 ||     3
  Use: Potion            |     1 |     4 ||     5
       Scroll            |       |     7 ||     7
 Stab: Sleeping          |       |     2 ||     2
  Eat: Chunk             |     1 |     9 ||    10
Armor: Leather armour    |    36 |    44 ||    80
       Skin              |       |    61 ||    61
Dodge: Dodged            |   142 |   198 ||   340
